TOP OF THE 1ST |
Watertown Headhunters batting - Pitching for Washington DC Hot Sauce : RHP Chet Miller
|
Pitching: RHP Chet Miller
|
|
Batting: RHB Luis Quezada
|
0-0: Ball 1-0: Called Strike 1-1: Ground out 6-3 (Groundball, 56)
|
Batting: RHB Pedro Echevarría
|
0-0: Ball 1-0: Swinging Strike 1-1: Ball 2-1: Foul Ball, location: 2F 2-2: Ball 3-2: Base on Balls
|
Batting: LHB Wally Harris
|
0-0: Called Strike 0-1: Foul Ball, location: 2F 0-2: Ball Pedro Echevarría steals 2nd base 1-2: Ball 2-2: Fly out, F8 (Flyball, 8LM) Runner from 2nd tags up, SAFE at 3rd with throw
|
Batting: RHB Luis Montoya
|
0-0: Swinging Strike 0-1: Ball 1-1: Foul Ball, location: 2F 1-2: Ball 2-2: Strikes out looking
|
Top of the 1st over - 0 run(s), 0 hit(s), 0 error(s), 1 left on base; Watertown 0 - Washington DC 0 |
BOTTOM OF THE 1ST |
Washington DC Hot Sauce batting - Pitching for Watertown Headhunters : RHP Craig Smith
|
Pitching: RHP Craig Smith
|
|
Batting: LHB Roderick Delgado
|
0-0: Ball 1-0: Ball 2-0: Called Strike 2-1: Called Strike 2-2: Foul Ball, location: 2F 2-2: Strikes out swinging
|
Batting: LHB Ethan Shaw
|
0-0: SINGLE (Line Drive, 8RS)
|
Batting: RHB Jake Reeves
|
0-0: Fly out, F8 (Line Drive, 8LS)
|
Batting: LHB Arthur MacDonald
|
0-0: Ball Ethan Shaw steals 2nd base 1-0: TRIPLE (Flyball, 89XD) Ethan Shaw scores
|
Batting: RHB Dan Salazar
|
0-0: Fly out, F8 (Flyball, 89M)
|
Bottom of the 1st over - 1 run(s), 2 hit(s), 0 error(s), 1 left on base; Watertown 0 - Washington DC 1 |
TOP OF THE 2ND |
Watertown Headhunters batting - Pitching for Washington DC Hot Sauce : RHP Chet Miller
|
Batting: LHB Burt Ward
|
0-0: Foul Ball, location: 2F 0-1: Called Strike 0-2: Strikes out looking
|
Batting: RHB Roberto Chávez
|
0-0: Foul Ball, location: 2F 0-1: Foul Ball, location: 2F 0-2: Ball 1-2: Ball 2-2: SINGLE (Groundball, 56D)
|
Batting: RHB Will Stafford
|
0-0: Called Strike 0-1: Foul Ball, location: 2F 0-2: Ball 1-2: Strikes out swinging
|
Batting: RHB Joe Salas
|
0-0: Called Strike 0-1: Called Strike 0-2: Ball 1-2: Ball 2-2: Fly out, F8 (Flyball, 8RS)
|
Top of the 2nd over - 0 run(s), 1 hit(s), 0 error(s), 1 left on base; Watertown 0 - Washington DC 1 |
BOTTOM OF THE 2ND |
Washington DC Hot Sauce batting - Pitching for Watertown Headhunters : RHP Craig Smith
|
Batting: RHB Juan Vélez
|
0-0: Ball 1-0: Swinging Strike 1-1: Ball 2-1: Ball 3-1: Called Strike 3-2: Foul Ball, location: 2F 3-2: DOUBLE (Line Drive, 9LM)
|
Batting: RHB Jake Lawrence
|
0-0: Called Strike 0-1: Called Strike 0-2: SINGLE (Line Drive, 7S) Juan Vélez to third
|
Batting: RHB Germán Ontiveros
|
0-0: Ball 1-0: Ball 2-0: Fly out, F8 (Flyball, 8LM) Runner from 3rd tags up, SCORES, no throw
|
Batting: RHB Kevin Wilson
|
0-0: Called Strike 0-1: Foul Ball, location: 2F 0-2: Strikes out looking
|
Batting: LHB Roderick Delgado
|
0-0: Called Strike 0-1: Ball 1-1: Ball 2-1: Foul Ball, location: 2F 2-2: Strikes out swinging
|
Bottom of the 2nd over - 1 run(s), 2 hit(s), 0 error(s), 1 left on base; Watertown 0 - Washington DC 2 |
TOP OF THE 3RD |
Watertown Headhunters batting - Pitching for Washington DC Hot Sauce : RHP Chet Miller
|
Batting: RHB Andrew Deal
|
0-0: Called Strike 0-1: SINGLE (Groundball, 34D)
|
Batting: RHB Luis Quezada
|
0-0: Called Strike 0-1: Foul Ball, location: 2F 0-2: Foul Ball, location: 2F 0-2: SINGLE (Line Drive, 78M) Andrew Deal to second Andrew Deal to third
|
Batting: RHB Pedro Echevarría
|
0-0: Ball 1-0: Foul Ball, location: 2F 1-1: Ball 2-1: Swinging Strike 2-2: Foul Ball, location: 2F 2-2: Foul Ball, location: 2F 2-2: Foul Ball, location: 2F 2-2: Fielders Choice at 2nd, 1-6 (Groundball, 13)
|
Batting: LHB Wally Harris
|
0-0: Grounds into double play, 4-6-3 (Groundball, 34)
|
Top of the 3rd over - 0 run(s), 2 hit(s), 0 error(s), 1 left on base; Watertown 0 - Washington DC 2 |
BOTTOM OF THE 3RD |
Washington DC Hot Sauce batting - Pitching for Watertown Headhunters : RHP Craig Smith
|
Batting: LHB Ethan Shaw
|
0-0: Ball 1-0: Foul Ball, location: 2F 1-1: SINGLE (Flyball, 78S)
|
Batting: RHB Jake Reeves
|
0-0: Called Strike 0-1: Ball 1-1: Swinging Strike 1-2: Ball 2-2: Foul Ball, location: 2F 2-2: Foul Ball, location: 2F 2-2: Strikes out swinging
|
Batting: LHB Arthur MacDonald
|
0-0: Ball 1-0: 2-RUN HOME RUN (Flyball, 9LD), Distance : 344 ft
|
Batting: RHB Dan Salazar
|
0-0: Ball 1-0: SINGLE (Line Drive, 89S)
|
Batting: RHB Juan Vélez
|
0-0: Called Strike 0-1: Fly out, F7 (Flyball, 78M)
|
Batting: RHB Jake Lawrence
|
0-0: Called Strike 0-1: Ball 1-1: Ground out 1-3 (Groundball, P)
|
Bottom of the 3rd over - 2 run(s), 3 hit(s), 0 error(s), 1 left on base; Watertown 0 - Washington DC 4 |
TOP OF THE 4TH |
Watertown Headhunters batting - Pitching for Washington DC Hot Sauce : RHP Chet Miller
|
Batting: RHB Luis Montoya
|
0-0: Foul Ball, location: 2F 0-1: Ground out 6-3 (Groundball, 6D)
|
Batting: LHB Burt Ward
|
0-0: Called Strike 0-1: Ball 1-1: Ground out 4-3 (Groundball, 4S)
|
Now at 2B: Júlio García
|
|
Batting: RHB Roberto Chávez
|
0-0: Ball 1-0: Ball 2-0: Ball 3-0: Called Strike 3-1: Foul Ball, location: 2F 3-2: Strikes out swinging, 2-3 out at first.
|
Top of the 4th over - 0 run(s), 0 hit(s), 0 error(s), 0 left on base; Watertown 0 - Washington DC 4 |
BOTTOM OF THE 4TH |
Washington DC Hot Sauce batting - Pitching for Watertown Headhunters : RHP Craig Smith
|
Batting: RHB Germán Ontiveros
|
0-0: Ball 1-0: Fly out, F7 (Flyball, 7)
|
Batting: RHB Júlio García
|
0-0: Ball 1-0: Swinging Strike 1-1: Ball 2-1: Swinging Strike 2-2: Fly out, F9 (Flyball, 89M)
|
Batting: LHB Roderick Delgado
|
0-0: Fly out, F8 (Flyball, 8RM)
|
Bottom of the 4th over - 0 run(s), 0 hit(s), 0 error(s), 0 left on base; Watertown 0 - Washington DC 4 |
TOP OF THE 5TH |
Watertown Headhunters batting - Pitching for Washington DC Hot Sauce : RHP Chet Miller
|
Batting: RHB Will Stafford
|
0-0: Ball 1-0: Called Strike 1-1: Swinging Strike 1-2: SINGLE (Groundball, 6D)
|
Batting: RHB Joe Salas
|
0-0: DOUBLE (Line Drive, 9LM) Will Stafford to third
|
Batting: RHB Andrew Deal
|
0-0: Ball 1-0: Swinging Strike 1-1: Foul Ball, location: 2F 1-2: Ground out 6-3 (Groundball, 6) Will Stafford scores
|
Batting: RHB Luis Quezada
|
0-0: Fly out, F8 (Flyball, 8RD) Runner from 2nd tags up, SAFE at 3rd, no throw
|
Batting: RHB Pedro Echevarría
|
0-0: Called Strike 0-1: Ball 1-1: Foul Ball, location: 2F 1-2: Ball 2-2: SINGLE (Groundball, 34S) (infield hit) Joe Salas scores
|
Batting: LHB Wally Harris
|
0-0: Ball Pedro Echevarría steals 2nd base 1-0: Foul Ball, location: 2F 1-1: Ball 2-1: SINGLE (Groundball, 6MD) Pedro Echevarría to third Runner from 3rd tries for Home, SAFE, no throw
|
Pitching: RHP Jeremiah Harris
|
|
Batting: RHB Luis Montoya
|
0-0: Called Strike 0-1: Ball 1-1: Foul Ball, location: 2F 1-2: Ball 2-2: Foul Ball, location: 2F 2-2: Foul Ball, location: 2F 2-2: Foul Ball, location: 2F 2-2: SINGLE (Groundball, 6M) (infield hit) Wally Harris to second
|
Pinch Runner at 1st Millard Walker:
|
|
Batting: LHB Burt Ward
|
0-0: Ball 1-0: Ball 2-0: Ball 3-0: Called Strike 3-1: Foul Ball, location: 2F 3-2: Base on Balls Wally Harris to third Millard Walker to second
|
Batting: RHB Roberto Chávez
|
0-0: Ball 1-0: Foul Ball, location: 2F 1-1: Ball 2-1: Fielders Choice at 2nd, 6-4 (Groundball, 6)
|
Top of the 5th over - 3 run(s), 5 hit(s), 0 error(s), 2 left on base; Watertown 3 - Washington DC 4 |
BOTTOM OF THE 5TH |
Washington DC Hot Sauce batting - Pitching for Watertown Headhunters : RHP Craig Smith
|
Pitching: RHP Gilberto Tolcunaga
|
|
Batting: LHB Ethan Shaw
|
0-0: Foul Ball, location: 2F 0-1: Ground out U3 (Groundball, 34)
|
Batting: RHB Jake Reeves
|
0-0: Ball 1-0: Ball 2-0: Fly out, F8 (Flyball, 8LXD)
|
Batting: LHB Arthur MacDonald
|
0-0: SOLO HOME RUN (Line Drive, 9LD), Distance : 351 ft
|
Batting: RHB Dan Salazar
|
0-0: Ball 1-0: Called Strike 1-1: Fly out, F5 (Popup, 5S)
|
Bottom of the 5th over - 1 run(s), 1 hit(s), 0 error(s), 0 left on base; Watertown 3 - Washington DC 5 |
TOP OF THE 6TH |
Watertown Headhunters batting - Pitching for Washington DC Hot Sauce : RHP Jeremiah Harris
|
Batting: RHB Will Stafford
|
0-0: Ground out 6-3 (Groundball, 6)
|
Batting: RHB Joe Salas
|
0-0: Called Strike 0-1: Ground out 4-3 (Groundball, 4S)
|
Batting: RHB Andrew Deal
|
0-0: Ball 1-0: Called Strike 1-1: Called Strike 1-2: Ball 2-2: Foul Ball, location: 2F 2-2: Ball 3-2: SINGLE (Line Drive, 89S)
|
Batting: RHB Luis Quezada
|
0-0: Ball 1-0: Foul Ball, location: 2F 1-1: Ball 2-1: Foul Ball, location: 2F 2-2: Fly out, F8 (Flyball, 8LM)
|
Top of the 6th over - 0 run(s), 1 hit(s), 0 error(s), 1 left on base; Watertown 3 - Washington DC 5 |
BOTTOM OF THE 6TH |
Washington DC Hot Sauce batting - Pitching for Watertown Headhunters : RHP Gilberto Tolcunaga
|
Batting: RHB Juan Vélez
|
0-0: Ball 1-0: Ball 2-0: Ball 3-0: Called Strike 3-1: Foul Ball, location: 2F 3-2: Fly out, F5 (Popup, 5L)
|
Batting: RHB Jake Lawrence
|
0-0: Fly out, F8 (Flyball, 8RM)
|
Batting: RHB Germán Ontiveros
|
0-0: Ball 1-0: Foul Ball, location: 2F 1-1: Swinging Strike 1-2: Ball 2-2: SINGLE (Flyball, 9LS)
|
Batting: RHB Júlio García
|
0-0: Ball 1-0: Called Strike 1-1: Ball 2-1: Swinging Strike 2-2: Ball 3-2: Strikes out swinging
|
Bottom of the 6th over - 0 run(s), 1 hit(s), 0 error(s), 1 left on base; Watertown 3 - Washington DC 5 |
TOP OF THE 7TH |
Watertown Headhunters batting - Pitching for Washington DC Hot Sauce : RHP Jeremiah Harris
|
Batting: RHB Pedro Echevarría
|
0-0: Ball 1-0: Ball 2-0: Ball 3-0: Called Strike 3-1: Base on Balls
|
Pitching: LHP Brett French
|
|
Batting: LHB Wally Harris
|
0-0: Ball 1-0: Ball 2-0: Ball 3-0: Called Strike 3-1: Swinging Strike 3-2: Strikes out swinging
|
Batting: RHB Millard Walker
|
0-0: Ball 1-0: Fly out, F9 (Flyball, 9S)
|
Batting: LHB Burt Ward
|
0-0: Called Strike Pedro Echevarría is caught stealing 2nd base
|
Top of the 7th over - 0 run(s), 0 hit(s), 0 error(s), 0 left on base; Watertown 3 - Washington DC 5 |
BOTTOM OF THE 7TH |
Washington DC Hot Sauce batting - Pitching for Watertown Headhunters : RHP Gilberto Tolcunaga
|
Batting: LHB Roderick Delgado
|
0-0: Ball 1-0: Ball 2-0: Called Strike 2-1: Ball 3-1: Base on Balls
|
Batting: LHB Ethan Shaw
|
0-0: Ball Roderick Delgado is caught stealing 2nd base 1-0: Ball 2-0: Fly out, F7 (Flyball, 78S)
|
Batting: RHB Jake Reeves
|
0-0: Ball 1-0: Ball 2-0: Foul Ball, location: 2F 2-1: Ball 3-1: Foul Ball, location: 2F 3-2: SINGLE (Line Drive, 7S)
|
Batting: LHB Arthur MacDonald
|
0-0: Called Strike 0-1: Swinging Strike 0-2: Ball 1-2: Ball 2-2: Ball 3-2: Ground out 4-3 (Groundball, 34)
|
Bottom of the 7th over - 0 run(s), 1 hit(s), 0 error(s), 1 left on base; Watertown 3 - Washington DC 5 |
TOP OF THE 8TH |
Watertown Headhunters batting - Pitching for Washington DC Hot Sauce : LHP Brett French
|
Batting: LHB Burt Ward
|
0-0: Foul Ball, location: 2F 0-1: Called Strike 0-2: Strikes out swinging
|
Batting: RHB Roberto Chávez
|
0-0: SINGLE (Groundball, 5D)
|
Pitching: RHP Adrián Sandoval
|
|
Batting: RHB Will Stafford
|
0-0: Ball 1-0: Ball 2-0: Ball 3-0: Base on Balls Roberto Chávez to second
|
Pinch Hitting: LHB Phil Neal
|
0-0: Called Strike 0-1: Foul Ball, location: 2F 0-2: Foul Ball, location: 2F 0-2: Foul Ball, location: 2F 0-2: Ball 1-2: Fly out, F7 (Flyball, 7LS)
|
Pinch Hitting: LHB Robin Jamieson
|
0-0: SINGLE (Flyball, 78S) Roberto Chávez to third Will Stafford to second Runner from 3rd tries for Home, throw and OUT!
|
Top of the 8th over - 0 run(s), 2 hit(s), 0 error(s), 2 left on base; Watertown 3 - Washington DC 5 |
BOTTOM OF THE 8TH |
Washington DC Hot Sauce batting - Pitching for Watertown Headhunters : RHP Gilberto Tolcunaga
|
Now at C: Phil Neal
|
|
Now in LF: Juan Carlos Ramos
|
|
Batting: RHB Dan Salazar
|
0-0: Ball 1-0: Called Strike 1-1: Ground out 6-3 (Groundball, 6)
|
Pitching: LHP Dan Brown
|
|
Batting: RHB Juan Vélez
|
0-0: Called Strike 0-1: Fly out, F5 (Popup, 56D)
|
Batting: RHB Jake Lawrence
|
0-0: Called Strike 0-1: Ball 1-1: Ball 2-1: Ball 3-1: Swinging Strike 3-2: DOUBLE (Line Drive, 8LXD)
|
Batting: RHB Germán Ontiveros
|
0-0: Called Strike 0-1: Called Strike 0-2: Foul Ball, location: 2F Error on foul ball, E5 0-2: Strikes out swinging
|
Bottom of the 8th over - 0 run(s), 1 hit(s), 1 error(s), 1 left on base; Watertown 3 - Washington DC 5 |
TOP OF THE 9TH |
Watertown Headhunters batting - Pitching for Washington DC Hot Sauce : RHP Adrián Sandoval
|
Pitching: LHP Bartolo Medine
|
|
Now at C: Manuel Martínez
|
|
Now at SS: Tim Church
|
|
Batting: RHB Luis Quezada
|
0-0: Ball 1-0: Fly out, F4 (Popup, 4)
|
Batting: RHB Pedro Echevarría
|
0-0: Called Strike 0-1: Ball 1-1: Called Strike 1-2: Ball 2-2: Foul Ball, location: 2F 2-2: Ball 3-2: Foul Ball, location: 2F 3-2: SINGLE (Groundball, 3D)
|
Batting: LHB Wally Harris
|
0-0: Foul Ball, location: 2F 0-1: Swinging Strike 0-2: Ball 1-2: Strikes out swinging
|
Batting: RHB Millard Walker
|
0-0: Called Strike 0-1: Ball 1-1: Ball 2-1: Called Strike 2-2: Foul Ball, location: 2F 2-2: Foul Ball, location: 2F 2-2: Foul Ball, location: 2F 2-2: Ball 3-2: 2-RUN HOME RUN (Flyball, 78D), Distance : 421 ft
|
Pinch Hitting: RHB Luis Ortega
|
0-0: Fly out, F8 (Flyball, 8RS)
|
Top of the 9th over - 2 run(s), 2 hit(s), 0 error(s), 0 left on base; Watertown 5 - Washington DC 5 |
BOTTOM OF THE 9TH |
Washington DC Hot Sauce batting - Pitching for Watertown Headhunters : LHP Dan Brown
|
Now in CF: Victor Gilbert
|
|
Pinch Hitting: RHB Juan García
|
0-0: Called Strike 0-1: Foul Ball, location: 2F 0-2: Strikes out looking
|
Pinch Hitting: RHB Jesús Ramírez
|
0-0: Called Strike 0-1: Ball 1-1: Foul Ball, location: 2F 1-2: Ball 2-2: SINGLE (Line Drive, 3)
|
Pinch Runner at 1st Lorenzo Castro:
|
|
Batting: LHB Ethan Shaw
|
0-0: Ball 1-0: Ball 2-0: 2-RUN HOME RUN (Line Drive, 9LD), Distance : 343 ft
|
Thursday, March 30th, 2017 - OOTP Baseball 17.12 Build 75
|
|